 Dungeon Crawl Stone Soup version 0.29.1-12-g30fa7ad0bf (webtiles) character file.

Game seed: 6461135930878248147

751 LustLizard the Chopper (level 7, -1/63 HPs)
             Began as a Minotaur Monk on Jan 9, 2023.
             Killed from afar by an orc wizard (3 damage)
             ... with a puff of flame
             ... on level 5 of the Dungeon.
             The game lasted 00:08:30 (5583 turns).

LustLizard the Chopper (Minotaur Monk)              Turns: 5583, Time: 00:08:30

Health: -1/63      AC: 13    Str: 18    XL:     7   Next: 49%
Magic:  6/6        EV:  8    Int:  7    God:
Gold:   233        SH:  0    Dex: 12    Spells: 6/6 levels left

rFire   . . .      SeeInvis .   a - +0 hand axe
rCold   . . .      Faith    .   (no shield)
rNeg    . . .      Spirit   .   s - +1 chain mail
rPois   .          Reflect  .   (helmet restricted)
rElec   .          Harm     .   (no cloak)
rCorr   .          Rampage  .   (no gloves)
Will    .....                   (no boots)
Stlth   ..........              (no amulet)
HPRegen 0.20/turn               w - +4 ring of protection
MPRegen 0.10/turn               (no ring)

@: about to teleport
A: horns 2, retaliatory headbutt
a: no special abilities


You were on level 5 of the Dungeon.
You visited 1 branch of the dungeon, and saw 5 of its levels.

You collected 233 gold pieces.

Inventory:

Hand Weapons
 a - a +0 hand axe (weapon)
 o - a +0 hand axe
Missiles
 d - 35 stones
 p - a throwing net
 E - 2 poisoned darts
Armour
 b - a +0 robe
 s - a +1 chain mail (worn)
Jewellery
 w - a +4 ring of protection (left hand)
Wands
 m - a wand of digging (2)
 t - a wand of flame (10) (quivered)
 v - a wand of mindburst (12)
Scrolls
 e - 4 scrolls of identify
 f - a scroll of blinking
 k - a scroll of teleportation
 n - a scroll of fog {unknown}
 r - 3 scrolls of enchant armour
 y - a scroll of silence {unknown}
 A - 2 scrolls of magic mapping
 B - a scroll of immolation {unknown}
 D - a scroll of amnesia {unknown}
 F - a scroll of fear {unknown}
Potions
 g - a potion of degeneration {unknown}
 h - 2 potions of curing
 i - a potion of attraction {unknown}
 j - a potion of flight {unknown}
 l - a potion of haste {unknown}
 q - a potion of heal wounds {unknown}
 u - a potion of magic {unknown}
 x - a potion of lignification {unknown}
 z - a potion of might
 C - a potion of resistance {unknown}
 G - a potion of brilliance {unknown}


   Skills:
 + Level 6.1 Fighting
 * Level 7.8 Axes
 + Level 3.8 Throwing
 - Level 3.2 Dodging
 - Level 1.5 Stealth
 * Level 1.1 Evocations


You had 6 spell levels left.
You didn't know any spells.
Your spell library contained the following spells:

 Spells                   Type           Power      Damage    Failure   Level
 Shock                    Conj/Air       0%         1d3       100%        1
 Static Discharge         Conj/Air       0%         3-3/arc   100%        2
 Ozocubu's Armour         Ice            0%         N/A       100%        3
 Swiftness                Air            0%         N/A       100%        3
 Airstrike                Air            0%         2d(0-16)  100%        4
 Dispel Undead            Necr           0%         3d6       100%        4
 Sticky Flame             Conj/Fire      0%         2d3       100%        4
 Ozocubu's Refrigeration  Ice            0%         4d7       100%        7


Dungeon Overview and Level Annotations

Branches:
Dungeon (5/15)
 Temple: D:4-7

Altars:
Elyvilon
Kikubaaqudgha
Makhleb
Ru
Sif Muna
Vehumet
Zin
The Shining One

Shops:
D:2 (   D:5 ?


Innate Abilities, Weirdness & Mutations

You have a pair of horns on your head.
You reflexively headbutt those who attack you in melee.


Message History

The magic dart hits you.
The gnoll bouda hits you but does no damage.
Something hits you.
You are too confused!
Unknown command.
You hit the gnoll.
The gnoll is moderately wounded.
You barely miss something. You miss the gnoll bouda. You hit something.
You miss the gnoll. The gnoll hits you but does no damage.
The gnoll hits you from afar with a +0 halberd.
The gnoll misses you. Something hits you but does no damage.
The gnoll bouda barely misses you. Something hits you.
You bump into the rock wall.
The gnoll is no longer moving quickly. x2
The gnoll hits you but does no damage.
The gnoll hits you from afar with a +0 halberd!
The gnoll hits you but does no damage.
The gnoll bouda hits you with a +0 club.
* * * LOW HITPOINT WARNING * * *
Something hits you but does no damage. x2
You bump into the rock wall.
You feel less confused.
Your attacks no longer feel as feeble.
The gnoll hits you with a +0 whip.
* * * LOW HITPOINT WARNING * * *
The gnoll barely misses you. The gnoll hits you with a +0 club.
* * * LOW HITPOINT WARNING * * *
The gnoll bouda hits you with a +0 club.
* * * LOW HITPOINT WARNING * * *
Something hits you but does no damage.
The orc priest mumbles some strange prayers to Beogh against you.
Beogh smites you!
* * * LOW HITPOINT WARNING * * *
Something hits you but does no damage.
Blink to where?
Press: ? - help, Dir - move target
As you read the scroll of blinking, it crumbles to dust.
As you read the scroll of teleportation, it crumbles to dust.
You feel strangely unstable.
A puff of flame appears from out of thin air!
The puff of flame hits you.
You die...

...####.####...###..#.#####.#.#
... #.# #.#.#∩##.#######.#.# ..
#.# #...#'#..........#.# #.#
###.......#####....# #.#
#...###.#.#####.#### ......#.#
###.....#..).##.#
......#.######.########.##.#
......+.....##'########.##.#
......#.........@.....#....#
......#...............######
......#.†##...........#
)....g#g..#.g.........#
.....o.g.{.....########
#.....)..g...### .....g.......#
..............# ............#.#


You could see 2 gnolls.

Vanquished Creatures
  Duvessa (D:4)
  An ogre (D:4)
  A phantom (D:5)
  Dowan (D:4)
  4 orc priests
  Natasha (thrice) (D:2)
  Robin (D:2)
  7 adders
  4 gnolls
  5 worms (D:2)
  2 dart slugs
  12 orcs
  10 ball pythons
  6 bats
  9 endoplasms
  2 giant cockroaches
  17 hobgoblins
  6 jackals
  5 quokkas
  A frilled lizard (D:2)
  11 goblins
  6 kobolds
  3 rats
118 creatures vanquished.

Vanquished Creatures (others)
  15 plants
15 creatures vanquished.

Grand Total: 133 creatures vanquished

Notes
Turn   | Place    | Note
-------+----------+-------------------------------------------
     0 | D:1      | LustLizard the Minotaur Monk began the quest for the Orb.
     0 | D:1      | Reached XP level 1. HP: 19/19 MP: 0/0
   498 | D:1      | Reached skill level 4 in Axes
   498 | D:1      | Reached XP level 2. HP: 27/27 MP: 1/1
   894 | D:2      | Found a faded altar of an unknown god.
   901 | D:1      | Reached skill level 1 in Throwing
   905 | D:1      | Reached XP level 3. HP: 13/33 MP: 2/2
  1100 | D:2      | Noticed Natasha
  1106 | D:2      | Killed Natasha
  1270 | D:2      | Reached skill level 5 in Axes
  1270 | D:2      | Reached XP level 4. HP: 30/41 MP: 3/3
  1802 | D:2      | Noticed Robin
  1873 | D:2      | Killed Robin
  2061 | D:2      | Reached XP level 5. HP: 29/47 MP: 4/4
  2090 | D:2      | Noticed Natasha
  2100 | D:2      | Killed Natasha
  2655 | D:2      | Noticed Natasha
  2662 | D:2      | Killed Natasha
  2663 | D:2      | Reached skill level 6 in Axes
  2696 | D:2      | Reached skill level 5 in Fighting
  2942 | D:2      | Found Gaduv's Weapon Boutique.
  3440 | D:3      | Found an ancient bone altar of Kikubaaqudgha.
  3537 | D:3      | Found a glowing golden altar of the Shining One.
  3539 | D:3      | Found a white marble altar of Elyvilon.
  3540 | D:3      | Found a glowing silver altar of Zin.
  3540 | D:3      | Found a shimmering blue altar of Sif Muna.
  3543 | D:3      | Found a radiant altar of Vehumet.
  3543 | D:3      | Found a burning altar of Makhleb.
  3544 | D:3      | Found a sacrificial altar of Ru.
  3612 | D:3      | Reached XP level 6. HP: 19/56 MP: 5/5
  4412 | D:4      | Noticed Dowan
  4412 | D:4      | Noticed Duvessa
  4754 | D:4      | Reached skill level 7 in Axes
  4981 | D:4      | Killed Duvessa
  4982 | D:4      | Reached XP level 7. HP: 43/62 MP: 6/6
  4997 | D:4      | Killed Dowan
  5374 | D:5      | Entered Level 5 of the Dungeon
  5399 | D:5      | Found Enygor's Magic Scroll Shop.
  5562 | D:5      | Reached skill level 1 in Evocations
  5579 | D:5      | HP: 1/63 [orc priest/divine providence (12)]
  5583 | D:5      | Killed from afar by an orc wizard

Illustrated notes

Levels and vault maps discovered:
D:1:      heliophobic_arrival_dark_side_of_the_moon, layout_loops_ring,
          fountainhead, amethyst_killhole
D:2:      minmay_thinvault, layout_loops_cross, serial_shops,
          nicolae_shop_trees, nicolae_ecumenical_pavilion, serial_bayou_ford_a,
          uniq_robin, uniq_natasha
D:3:      layout_loops_ring, grunt_temple_overflow_open,
          chequers_serial_rivers_micro_b, minmay_misc_feat_enclosed,
          amcnicky_mini_pool_small, serial_bayou_lagoon_b
D:4:      layout_rooms, uniq_duvessa
D:5:      layout_basic, serial_shops, nicolae_shop_window_shopping

Skill      XL: |  1  2  3  4  5  6  7 |
---------------+----------------------+-----
Axes           | 4 5 6 7 |  7.8
Fighting       | 4 5 6 |  6.1
Throwing       | 1 2 3 |  3.8
Evocations     | 1 |  1.1
Dodging        | |  3.2
Stealth        | |  1.5

Action                   |  1- 3 |  4- 6 |  7- 9 || total
-------------------------+-------+-------+-------++-------
Melee: Hand axe          |    37 |   261 |    34 ||   332
       Headbutt          |     3 |    53 |     4 ||    60
       Punch             |       |     1 |       ||     1
Throw: Dart              |       |     2 |       ||     2
       Stone             |       |     2 |       ||     2
Evoke: Wand              |       |     5 |       ||     5
  Use: Scroll            |       |     2 |     5 ||     7
       Potion            |       |     1 |     1 ||     2
 Stab: Sleeping          |     5 |     3 |       ||     8
Armor: Robe              |     6 |    20 |       ||    26
       Chain mail        |       |    61 |    48 ||   109
Dodge: Dodged            |    19 |   107 |    16 ||   142
